 Dungeon Crawl Stone Soup version 0.30-a0-778-g2ef04afb54 (webtiles) character file.

Game seed: 18253901666429279582

91 a11behringer the Poker (level 4, 0/40 HPs)
             Began as a Draconian Berserker on Feb 16, 2023.
             Was a Believer of Trog.
             Slain by an orc wizard
             ... wielding a +0 dagger
              (3 damage)
             ... on level 3 of the Dungeon.
             The game lasted 00:07:09 (1671 turns).

a11behringer the Poker (Draconian Berserker)        Turns: 1671, Time: 00:07:10

Health: 0/40       AC:  6    Str: 21    XL:     4   Next: 34%
Magic:  4/4        EV: 12    Int:  7    God:    Trog [**....]
Gold:   115        SH:  0    Dex: 11    Spells: 3/3 levels left

rFire   . . .      SeeInvis .    a - +0 spear
rCold   . . .      Faith    .    (no shield)
rNeg    . . .      Spirit   .    (body armour unavailable)
rPois   .          Reflect  .    d - +1 hat
rElec   .          Harm     .    (no cloak)
rCorr   .          Rampage  .    (no gloves)
Will    .....                    (no boots)
Stlth   +                        (no amulet)
HPRegen 0.26/turn                (no ring)
MPRegen 0.09/turn                (no ring)

@: confused, on berserk cooldown, slowed, very slow
A: AC +5, unfitting armour, cold-blooded
a: Renounce Religion, Berserk, Trog's Hand


You were on level 3 of the Dungeon.
You worshipped Trog.
Trog was pleased with you.
You visited 1 branch of the dungeon, and saw 3 of its levels.

You collected 115 gold pieces.

Inventory:

Hand Weapons
 a - a +0 spear (weapon)
Armour
 d - a +1 hat (worn)
Scrolls
 b - 2 scrolls of poison {unknown}
 c - a scroll of fear {unknown}
 e - 2 scrolls of blinking {unknown}
 f - a scroll of immolation {unknown}
 g - 2 scrolls of vulnerability {unknown}
 h - a scroll of enchant weapon {unknown}
 l - 3 scrolls of identify {unknown}
 m - a scroll of noise {unknown}
 n - a scroll of teleportation {unknown}
 o - a scroll of fog {unknown}
Potions
 i - a potion of ambrosia {unknown}
 j - a potion of brilliance {unknown}
 k - a potion of attraction {unknown}


   Skills:
 + Level 3.8 Fighting
 * Level 4.0 Polearms
 + Level 3.2 Dodging
 + Level 1.5 Stealth


You had 3 spell levels left.
You didn't know any spells.
Your spell library was empty.

Dungeon Overview and Level Annotations

Branches:
Dungeon (3/15)

Altars:
Ashenzari
Zin

Shops:
D:2 (


Innate Abilities, Weirdness & Mutations

Your plain brown scales are hard. (AC +5)
You cannot fit into any form of body armour.
You are cold-blooded and may be slowed by cold attacks.


Message History

You kill the orc!
Trog accepts your kill.
The orc wizard mumbles some strange words.
The orc wizard flickers and vanishes!
Deactivating autopickup; reactivate with Ctrl-A.
Something hits you.
* * * LOW HITPOINT WARNING * * *
Things that are here:
a +0 whip; a +0 leather armour; an orc corpse You hit something but do no damage.
Your tail-slap misses something.
You hit something.
You hear some strange, mumbled words.
A puff of flame appears from out of thin air!
The puff of flame hits you.
* * * LOW HITPOINT WARNING * * *
You closely miss something.
You hear some strange, mumbled words.
You are confused.
The orc wizard casts a spell at you.
You bump into the rock wall.
You bump into the rock wall.
You feel a strong urge to attack something.
You hear some strange, mumbled words.
A puff of flame appears from out of thin air!
The puff of flame misses you. The orc wizard casts a spell at you.
The puff of flame hits something.
Reactivating autopickup.
You feel a bit more experienced.
Your Polearms skill increases to level 4!
The orc wizard gestures wildly while chanting.
The orc wizard flickers and vanishes!
Deactivating autopickup; reactivate with Ctrl-A.
You miss the orc.
Your tail-slap misses the orc.
You are no longer berserk.
You are exhausted.
You feel yourself slow down.
You bump into the rock wall.
The orc barely misses you.
You miss something. The orc hits you but does no damage. Something hits you.
You die...

......#....#.. ##'##........
......##...##. #............
.<........... ##............
............. ###.............
............#.####...............
...:... ....o.....##............
[....##)####....>....... .#. ##)#
#.....####### #o@# #.....# #.##
#.....# ... #.....# #.### ######
.. .. #


You could see an orc.

Vanquished Creatures
  2 adders (D:2)
  A worm (D:3)
  4 orcs (D:3)
  2 ball pythons
  3 bats
  9 endoplasms
  A giant cockroach (D:1)
  5 goblins
  3 hobgoblins
  4 jackals (D:1)
  2 kobolds (D:3)
  A quokka (D:3)
  2 frilled lizards (D:1)
  4 rats
43 creatures vanquished.

Vanquished Creatures (others)
  An orc wizard (D:3)
1 creature vanquished.

Grand Total: 44 creatures vanquished

Notes
Turn   | Place    | Note
-------+----------+-------------------------------------------
     0 | D:1      | a11behringer the Draconian Berserker began the quest for
                  | the Orb.
     0 | D:1      | Reached XP level 1. HP: 19/19 MP: 1/1
   151 | D:1      | Reached XP level 2. HP: 26/26 MP: 2/2
   807 | D:2      | Reached skill level 1 in Stealth
   807 | D:2      | Reached XP level 3. HP: 31/31 MP: 3/3
   818 | D:2      | Found Lerhorue's Weapon Emporium.
   910 | D:2      | Reached ** piety under Trog
   984 | D:2      | Found a glowing silver altar of Zin.
  1442 | D:3      | Found a broken altar of Ashenzari.
  1536 | D:3      | Reached XP level 4. HP: 40/40 MP: 4/4
  1664 | D:3      | HP: 3/60 [something/puff of flame (5)]
  1668 | D:3      | Reached skill level 4 in Polearms
  1671 | D:3      | Slain by an orc wizard

Illustrated notes

Levels and vault maps discovered:
D:1:      minmay_arrival_solitary_statue, layout_loops_ring,
          corexii_item_surrounded_by_moat, chequers_serial_rivers_small_3,
          nicolae_kite_square_tiling_tiny
D:2:      layout_basic, serial_shops, shop_fountains, basic_altar,
          nicolae_concentric_dashed_squares_wild
D:3:      layout_basic, ashenzari_conservatory_becter

Skill      XL: |  1  2  3  4 |
---------------+-------------+-----
Dodging        | 3 |  3.2
Stealth        | 1 |  1.5
Polearms       | 4 |  4.0
Fighting       | |  3.8

Action                     |  1- 3 |  4- 6 || total
---------------------------+-------+-------++-------
  Melee: Spear             |   158 |    38 ||   196
         Tailslap          |    16 |     3 ||    19
         Punch             |     2 |       ||     2
 Invoke: Berserk           |       |     1 ||     1
   Stab: Sleeping          |     3 |       ||     3
         Distracted        |       |     1 ||     1
 Armour: Skin              |    33 |    10 ||    43
  Dodge: Dodged            |    83 |    15 ||    98

Table legend: (Time is in decaauts)
 A = Elapsed time spent in this place.
 B = Non-inter-level travel time spent in this place.
 C = Inter-level travel time spent in this place.
 D = Time resting spent in this place.
 E = Time spent auto-exploring this place.
 F = Levels seen in this place.
 G = Mean time per level.
                   A        B        C        D        E       F      G
               +--------+--------+--------+--------+--------+-----+--------+
         Total |   1663 |   1602 |     61 |      0 |   1261 |   3 |  554.3 |
       Dungeon |   1663 |   1602 |     61 |      0 |   1261 |   3 |  554.3 |
               +--------+--------+--------+--------+--------+-----+--------+

Top non-repeatable levels by time:
     D:1: 790 daAuts
     D:2: 618 daAuts
     D:3: 254 daAuts
